[Event "Julius Baer Generation Cup Prelims 2022"]
[Site "Online"]
[Date "2022.09.14"]
[Round "10.2"]
[White "Aronian, Levon"]
[Black "Navara, David"]
[Result "0-1"]
[ECO "B90"]
[WhiteElo "2759"]
[BlackElo "2681"]
[Annotator "TA"]
[PlyCount "72"]
[EventDate "2022.09.12"]
[EventType "tourn"]
[EventCountry "NET"]
[SourceTitle "playchess.com"]
[Source "ChessBase"]
[SourceQuality "1"]
[TimeControl "900+10"]

1. e4 c5 2. Nf3 d6 3. d4 cxd4 4. Nxd4 Nf6 5. Nc3 a6 6. f3 e5 7. Nb3 Be6 8. Be3 Be7 9. Qd2 O-O 10. O-O-O Nbd7 11. g4 b5 12. g5 Nh5 $1 {[%emt 0:00:01][%mdl 4] is more profitable than 12...b4 at the moment.} 13. Nd5 {[%emt 0:00:07] CPLX 2.7 29 (Kc1-b1) (=29)} Bxd5 {[%emt 0:00:05] EASY. B90: Sicilian Najdorf: Unusual White 6th moves, 6 Be3 Ng4 and 6 Be3 e5.} 14. exd5 {[%emt 0:00:00] RECAPT} f6 {[%emt 0:00:01][%cal Rf6g5] BESTDEEP} 15. gxf6 {[%emt 0:00:02] CPLX 2.5 0 (g5-g6) (=10)} Bxf6 {[%emt 0:00:12] RECAPT. The position is equal.} 16. Na5 {[%emt 0:00:07] CPLX 2.3 1 (Kc1-b1) (=8)} Qe8 {[%emt 0:00:27] BESTDEEP} 17. Kb1 {[%emt 0:00:03] CPLX 2.3 22 (Qd2-b4) (=10)} (17. Qb4 $5 ) 17... Bd8 {[%emt 0:00:40] CPLX 2.4} 18. Nb7 {[%emt 0:00:01] CPLX 2.5} Bc7 {[%emt 0:00:11] CPLX 2.6} 19. Qc3 {[%emt 0:00:02] CPLX 2.5} Qb8 {[%emt 0:01:13] BESTDEEP} 20. Qc6 {[%emt 0:00:03] CPLX 2.9} Rxf3 {[%emt 0:00:11] [#] EASY} 21. Bc1 $146 {[%emt 0:00:09] RELBLUND 206 (Be3-c5) (=29)} (21. Bc5 $11 {and White has nothing to worry.}) ({Predecessor:} 21. Bg1 Rf6 22. c4 bxc4 23. Bxc4 Nf4 24. Be3 a5 25. Rhf1 Rf7 26. a4 Nb6 27. Bb3 {½-½ (51) Hall,M (2594)-Daubenfeld,N (2510) ICCF email 2020}) 21... Nhf6 $19 {[%emt 0:00:48] Strongly threatening ...e4. CPLX 3.3=>BLUNDERREACT} 22. Bg2 $2 {[%emt 0:00:30] [#] This move loses the game for White. CPLX 3.1 177 (b2-b4) (=44)} (22. b4 $17) 22... e4 $1 {[%emt 0:01:22] Threatens to win with ...Ne5. DEEPSTRONG=>BLUNDERREACT} ({Worse is} 22... Rf2 23. Bh3 $11) 23. Bxf3 {[%emt 0:00:51][%cal Oc1f4] Hoping for Bf4! EASY} Ne5 {[%emt 0:00:01] EASY} 24. Bg2 {[%emt 0:03:14] And now Qc3 would win. MISS-Qc6-c3 10 (Qc6-c3) (=37)} Nxc6 {[%emt 0:00:10] EASY} 25. dxc6 {[%emt 0:00:00] RECAPT} d5 {[%emt 0:01:12] CPLX 3.8} 26. Bg5 {[%emt 0:00:11][%cal Bc1g5,Bg5f6,Bf6d4][%mdl 32] CPLX 3.8} Qe8 {[%emt 0:00:06] EASY} ({Weaker is} 26... Bxh2 27. Bxf6 Qg3 28. Bxe4 dxe4 29. Bc3 $17) 27. Bxf6 {[%emt 0:00:32][%cal Oh1g1] CPLX 4.0} Qxc6 {[%emt 0:00:01] CPLX 4.4} (27... gxf6 28. Rxd5 Qe6 29. Rd7 Qxc6 30. Bh3 $17) 28. Bd4 {[%emt 0:00:01] CPLX 4.6 123 (Bf6-c3) (=36)} Qxb7 {[%emt 0:00:10] EASY} 29. Bh3 {[%emt 0:00:01] [#] Black must now prevent Be6+. CPLX 3.3 0 (Rd1-d2) (=33)} Re8 {[%emt 0:00:16] Against Be6+. CPLX 3.4} 30. Rhg1 {[%emt 0:00:29] CPLX 3.4 104 (Bh3-d7) (=37)} Be5 {[%emt 0:00:05] CPLX 4.0} 31. Be3 {[%emt 0:00:17] CPLX 3.8 79 (Bd4-c5) (=40)} d4 {[%emt 0:01:25] BESTDEEP} 32. Bxd4 {[%emt 0:00:07] CPLX 3.9 45 (Be3-c1) (=40)} Bxd4 {[%emt 0:00:00] RECAPT} 33. Rxd4 {[%emt 0:00:00] RECAPT} Qb6 {[%emt 0:00:21] CPLX 3.2} 34. c3 {[%emt 0:00:04] CPLX 3.5 400 (Rd4-d1) (=54)} b4 {[%emt 0:01:06] ( -> ...bxc3). CPLX 3.3=>BLUNDERREACT} 35. Ka1 {[%emt 0:00:02] MISSDEEP-Rg1-g2 400 (Rg1-g2) (=69)} bxc3 {[%emt 0:00:06] DEEPSTRONG=>BLUNDERREACT} 36. bxc3 {[%emt 0:00:06] RECAPT} Rb8 {[%emt 0:00:15] Weighted Error Value: White=0.86/Black=0.00 (flawless)} 0-1

[Event "Julius Baer Generation Cup Prelims 2022"]
[Site "Online"]
[Date "2022.09.14"]
[Round "10.3"]
[White "Praggnanandhaa R"]
[Black "Le, Quang Liem"]
[Result "1/2-1/2"]
[ECO "C54"]
[WhiteElo "2676"]
[BlackElo "2728"]
[Annotator "TA"]
[PlyCount "118"]
[EventDate "2022.09.12"]
[EventType "tourn"]
[EventCountry "NET"]
[SourceTitle "playchess.com"]
[Source "ChessBase"]
[SourceQuality "1"]
[TimeControl "900+10"]

1. e4 e5 2. Nf3 Nc6 3. Bc4 Nf6 4. d3 Bc5 5. c3 d6 6. Bg5 h6 7. Bh4 {[%emt 0:00:01] BESTDEEP} a5 $1 {[%emt 0:00:17][%mdl 4] CPLX 2.5 39 (g7-g5) (=39) 7...a5 is the recent fashion. C54: Giuoco Piano: 4 c3 Nf6, main lines with 5 d4 and 5 d3.} 8. O-O {[%emt 0:00:17] BESTDEEP} O-O {[%emt 0:00:21] BESTDEEP} 9. Nbd2 Ba7 {[%emt 0:00:03] BESTDEEP. White has an edge.} 10. a3 {[%emt 0:02:06] CPLX 3.0 15 (h2-h3) (=4)} g5 {[%emt 0:00:38] BESTDEEP} 11. Bg3 {[%emt 0:00:03] EASY} Nh7 {[%emt 0:01:13] CPLX 2.9 23 (Ra8-b8) (=12)} 12. Kh1 {[%emt 0:00:05] CPLX 2.9 26 (b2-b4) (=7)} Kh8 {[%emt 0:01:06] BESTDEEP} 13. b4 {[%emt 0:02:52] BESTDEEP} h5 {[%emt 0:00:16] [#] RELBLUND 68 (f7-f5) (=19)} (13... f5 $11 14. h3 Nf6) 14. h4 $146 {[%emt 0:01:08] White is more active. RELBLUND 89 (b4-b5) (=16)} (14. b5 $14 Nb8 15. h4) ({Predecessor:} 14. b5 Ne7 15. Bxe5+ dxe5 16. Nxe5 Kg7 17. f4 g4 18. d4 f6 19. Nd3 f5 20. Ne5 {0-1 (34) Adhiban,B (2672)-Vidit,S (2727) Kolkata 2021}) 14... g4 $11 {[%emt 0:00:05] CPLX 2.8=>BLUNDERREACT} 15. Nh2 {[%emt 0:00:19] RELBLUND 53 (Nf3-g1) (=20)} (15. Ng1 $11) 15... f5 $1 $15 {[%emt 0:01:13] DEEPSTRONG} 16. exf5 {[%emt 0:00:06] BESTDEEP} Ne7 $1 {[%emt 0:00:19] DEEPSTRONG} 17. d4 {[%emt 0:02:54] CPLX 3.1 33 (Bc4-e6) (=20)} exd4 {[%emt 0:00:39] EASY} 18. cxd4 {[%emt 0:00:08] CPLX 3.1 51 (Nd2-e4) (=22)} (18. Ne4 $142) 18... Nxf5 {[%emt 0:00:05] CPLX 3.1 28 (Ba7xd4) (=13)} ({Stronger than} 18... Bxf5 19. f3 $17) 19. Bd3 {[%emt 0:00:34] CPLX 3.0 17 (d4-d5) (=22)} Bxd4 {[%emt 0:00:17] Strongly threatening ...axb4. CPLX 3.2} 20. Rc1 {[%emt 0:00:22] CPLX 3.4} axb4 {[%emt 0:00:04] CPLX 3.2} 21. axb4 {[%emt 0:00:07] RECAPT} Bb2 {[%emt 0:00:19] BESTDEEP} 22. Rc4 {[%emt 0:00:30] CPLX 3.4 43 (Rc1-c2) (=20)} Bg7 {[%emt 0:00:47] CPLX 3.2 32 (b7-b5) (=12)} 23. Qc2 {[%emt 0:01:13] CPLX 3.2 23 (Rc4-c1) (=21)} Be6 {[%emt 0:00:23] CPLX 3.2 82 (c7-c6) (=16)} ({Black should try} 23... c6 $19 {Threatens to win with ...Be6.} 24. Rf4 Nxg3+ 25. fxg3 Rxf4 26. Rxf4 Nf6) 24. Rxc7 $17 {[%emt 0:01:32] [#] EASY} Ra2 {[%emt 0:00:44] MISSDEEP-Nh7-f6 61 (Nh7-f6) (=19)} (24... Nf6 $1 $17 25. Qc1 Ra2) 25. Qc1 $15 {[%emt 0:00:05] CPLX 4.8} Bb2 {[%emt 0:02:33] BESTDEEP} ({Don't do} 25... Rxd2 26. Bxf5 Rxf5 27. Rxg7 Kxg7 28. Qxd2 $16) 26. Qc2 {[%emt 0:00:19] EASY} Be5 {[%emt 0:01:26] CPLX 4.4 4 (Nh7-f6) (=17)} 27. Qc1 {[%emt 0:01:14] BESTDEEP} Bb2 {[%emt 0:04:43] CPLX 4.8 0 (Ra2xd2) (=16)} 28. Qc2 {[%emt 0:00:13] EASY} Bg7 {[%emt 0:00:40] CPLX 4.4 11 (Nh7-f6) (=16)} 29. Qc1 {[%emt 0:00:05] CPLX 4.8} Nxg3+ {[%emt 0:00:57] CPLX 4.5 20 (Nh7-f6) (=16)} ({Don't take} 29... Rxd2 30. Bxf5 Rxf5 31. Rxg7 Kxg7 32. Qxd2 $14) (29... Nf6 {is interesting.} 30. Bxf5 Bxf5 31. Rd1 Ra1) 30. fxg3 {[%emt 0:00:08] RECAPT} Rxd2 {[%emt 0:00:00] [#] RELBLUND 104 (Nh7-f6) (=20)} 31. Rxg7 $1 $16 {[%emt 0:01:36] Really sharp! DEEPSTRONG=>BLUNDERREACT} Kxg7 {[%emt 0:00:43] RECAPT} (31... Rxd3 $2 32. Qh6 Rxf1+ 33. Nxf1 $18) 32. Qxd2 {[%emt 0:00:06] CPLX 5.4} Rxf1+ {[%emt 0:00:02] CPLX 4.0 41 (d6-d5) (=20)} 33. Nxf1 {[%emt 0:00:02] RECAPT} Qf6 {[%emt 0:00:02] CPLX 3.4} 34. Kh2 {[%emt 0:00:37] RELBLUND 88 (Qd2-c2) (=16)} (34. Qc2 $16) 34... Nf8 {[%emt 0:00:06] CPLX 2.9 20 (Qf6-e5) (=19)} 35. Ne3 {[%emt 0:00:09] EASY} d5 {[%emt 0:00:00] Prevents Be4. CPLX 2.6 63 (Qf6-d4) (=21)} (35... Qd4 $14) 36. Bb5 {[%emt 0:00:25] RELBLUND 86 (Qd2-c2) (=17)} ({Better is} 36. Qc2 $16) 36... Qe5 {[%emt 0:00:13] ...d4 is the strong threat. CPLX 2.7 1 (Nf8-g6) (=20)} 37. Nc2 {[%emt 0:00:19] Prevents d4. CPLX 3.1} Ng6 {[%emt 0:00:01] CPLX 2.9 23 (Be6-f5) (=20)} 38. Nd4 {[%emt 0:00:07] EASY} Bf7 {[%emt 0:00:13] CPLX 3.7} 39. Kg1 {[%emt 0:00:15] CPLX 3.3 10 (Qd2-c3) (=16)} Ne7 {[%emt 0:00:31] CPLX 2.7 21 (Qe5-f6) (=19)} 40. Ne2 {[%emt 0:00:16] CPLX 2.6 51 (Bb5-d7) (=17)} (40. Bd7 $14) 40... Nf5 $11 {[%emt 0:00:14] BESTDEEP} 41. Bd3 {[%emt 0:00:44] CPLX 3.2 19 (Qd2-g5) (=17)} Qe3+ {[%emt 0:00:08] BESTDEEP} 42. Qxe3 {[%emt 0:00:02] EASY} Nxe3 {[%emt 0:00:00][%mdl 4096] Endgame KBN-KBN. RECAPT} 43. Kf2 {[%emt 0:00:23] CPLX 2.0 11 (Ne2-f4) (=17)} Nd1+ {[%emt 0:00:01] CPLX 2.1} 44. Ke1 {[%emt 0:00:01] BESTDEEP} Nb2 {[%emt 0:00:04] CPLX 2.0} 45. Kd2 {[%emt 0:00:17] CPLX 2.0 22 (Bd3-b5) (=16)} Kf6 {[%emt 0:00:01] CPLX 2.0} 46. Kc3 {[%emt 0:00:07] BESTDEEP} Nxd3 {[%emt 0:00:09] CPLX 2.1} 47. Kxd3 $15 {[%emt 0:00:01] KB-KN. RECAPT} Ke5 {[%emt 0:00:00] CPLX 2.0} 48. Ke3 {[%emt 0:00:11] CPLX 2.0 0 (Ne2-d4) (=15)} Bg6 {[%emt 0:00:06] CPLX 2.0} 49. Nd4 {[%emt 0:00:04] CPLX 2.0} Be4 {[%emt 0:00:01] CPLX 2.0 48 (Bg6-f5) (=16)} (49... Bf5 $15 {was preferrable.}) 50. Ne2 $11 {[%emt 0:00:04] CPLX 2.1} Bg6 {[%emt 0:00:59] RELBLUND 0 (d5-d4) (=16)} (50... d4+ $11 51. Nxd4 Bxg2) 51. Nd4 $15 {[%emt 0:00:05] RELBLUND} Be8 {[%emt 0:00:05] BESTDEEP} 52. Kd3 {[%emt 0:00:14] CPLX 2.0} Ba4 {[%emt 0:00:13] CPLX 2.0 56 (Be8-d7) (=16)} (52... Bd7 $15) 53. Ke3 {[%emt 0:00:17] RELBLUND 56 (b4-b5) (=15)} ({White should play} 53. b5 $11) 53... Be8 {[%emt 0:00:15] CPLX 2.0 56 (Ba4-d7) (=17)} 54. Kd3 $1 {[%emt 0:00:04] RELBLUND} Bc6 {[%emt 0:00:15] DEEPSTRONG} 55. Ke3 {[%emt 0:00:07] CPLX 2.0} Bd7 {[%emt 0:00:02] CPLX 2.0} 56. Kd3 {[%emt 0:00:23] CPLX 2.0 2 (Nd4-b3) (=14)} Bf5+ {[%emt 0:00:14] DEEPSTRONG} 57. Ke3 {[%emt 0:00:09] [#] DEEPSTRONG} Bg6 {[%emt 0:00:02] MISSDEEP-Bf5-b1 82 (Bf5-b1) (=17)} (57... Bb1 $1 $17) 58. Ne2 $1 $11 {[%emt 0:00:07] CPLX 2.0=>BLUNDERREACT} Bf7 {[%emt 0:00:17] CPLX 2.0 0 (b7-b6) (=17)} 59. Nd4 {[%emt 0:00:05] CPLX 2.0} Be8 {[%emt 0:00:02] Whites escaped into a draw.  Weighted Error Value: White=0.17 (very precise) /Black=0.17 (very precise)} 1/2-1/2

[Event "Julius Baer Generation Cup Prelims 2022"]
[Site "Online"]
[Date "2022.09.14"]
[Round "10.5"]
[White "Ivanchuk, Vasyl"]
[Black "Carlsen, Magnus"]
[Result "1/2-1/2"]
[ECO "E42"]
[WhiteElo "2678"]
[BlackElo "2861"]
[Annotator "TA"]
[PlyCount "244"]
[EventDate "2022.09.12"]
[EventType "tourn"]
[EventCountry "NET"]
[SourceTitle "playchess.com"]
[Source "ChessBase"]
[SourceQuality "1"]
[TimeControl "900+10"]

1. d4 Nf6 2. c4 e6 3. Nc3 Bb4 4. e3 c5 5. Nge2 b6 6. a3 Ba5 7. d5 O-O 8. Rb1 Na6 9. f3 exd5 10. cxd5 b5 11. Kf2 Rb8 12. e4 d6 13. Be3 Nd7 14. Ng3 c4 15. b4 cxb3 16. Nxb5 Qf6 17. Bxa7 Nac5 18. Qd4 Qxd4+ 19. Nxd4 Ra8 20. Bxc5 Nxc5 21. Ngf5 Bb6 22. Kg3 Bxf5 23. Nxf5 Rfd8 24. Bc4 Rxa3 25. Rhd1 g6 26. Ne7+ Kg7 27. Nc6 Rc8 28. Bxb3 Bd8 29. Bc2 Bf6 30. Rd2 Rca8 31. Re2 Rc3 32. Bd1 h5 33. Kf2 Nd3+ 34. Kf1 h4 35. Rc2 Rxc2 36. Bxc2 Ne5 37. Bd1 Ra2 38. Be2 Nd7 39. g3 Nc5 40. Rc1 Nb3 41. Rd1 h3 42. Kf2 Bb2 43. f4 Ba3 44. Ke1 Bc5 45. e5 Bg1 46. exd6 Nc5 47. Rc1 Bxh2 48. Rxc5 Bxg3+ 49. Kd1 h2 50. Bf3 Rf2 51. Rc2 Rf1+ 52. Ke2 Rxf3 53. Kxf3 h1=Q+ 54. Kxg3 Qxd5 55. Ne5 Qxd6 $2 (55... Qb3+ {mates} 56. Nf3 Qxc2 57. Nh4 Qd3+ 58. Nf3 Qxd6) 56. Rc6 $19 Qa3+ 57. Nf3 f6 58. Rc4 Kf7 59. Re4 Qd3 60. Rd4 Qe3 61. Rd5 Ke6 62. Rb5 Kd6 63. Ra5 Qc3 64. Rb5 Kc6 65. Rb8 Kd5 66. Rg8 Ke4 67. Re8+ Kf5 68. Re2 Qd3 69. Re1 g5 70. fxg5 Qd6+ ({Weaker is} 70... fxg5 71. Re5+ Kf6 72. Rxg5 $17) 71. Kg2 fxg5 72. Rf1 $2 (72. Re2 {is more resistant.}) 72... g4 $2 (72... Qc6 $19 {( -> ...Kf4)} 73. Kg1 Qc5+ 74. Kg2 Kg4 75. Nh2+ Kh5) 73. Nh4+ $2 (73. Nd2+ $15 Kg6 74. Ne4) 73... Kg5 $2 (73... Ke5 $19 {aiming for ...Qd2+.} 74. Re1+ Kf6 75. Rf1+ Ke6) 74. Nf5 $15 Qd5+ 75. Kh2 $1 Qd2+ 76. Kg1 Qd3 77. Rf2 $1 Kh5 78. Rh2+ Kg6 $1 79. Rf2 Kg5 80. Kg2 Qh3+ 81. Kg1 Kf6 82. Ng3+ Ke5 83. Rg2 Qh6 84. Nf1 Qb6+ 85. Rf2 Qb3 86. Rg2 Kf4 87. Rf2+ Kg5 88. Kg2 Kh4 89. Kg1 Qb6 90. Kg2 Qd4 91. Ng3 Qd5+ 92. Kh2 Qd6 (92... Qe5 $5 93. Rg2 Qf4 $19) 93. Rg2 Kg5 94. Rf2 Kh4 95. Rg2 Qc7 96. Rg1 Kg5 97. Rg2 $1 Kf4 98. Rf2+ Ke3 99. Kg2 Qb7+ 100. Kg1 Qb1+ 101. Kg2 Qh7 102. Nf1+ Kd3 103. Kg1 Qa7 104. Kg2 Qc7 105. Ng3 Qb7+ 106. Kg1 Kd4 107. Kh2 Ke3 108. Kg1 $1 Qb1+ 109. Kg2 Qh7 110. Kg1 Qh3 111. Nf1+ Ke4 112. Re2+ Kf4 113. Rf2+ Kg5 114. Rg2 $1 Qa3 115. Ng3 Qc5+ 116. Rf2 Kh4 117. Kg2 Qd5+ (117... Qc8 $15 118. Nf5+ Kg5) 118. Kh2 $11 Qe5 (118... Kg5 $5 119. Rf5+ $8 Qxf5 120. Nxf5 Kxf5 $11) 119. Rg2 Qf4 120. Rg1 Qf3 121. Rg2 Kg5 122. Kg1 Qe3+ 1/2-1/2

[Event "Julius Baer Generation Cup Prelims 2022"]
[Site "Online"]
[Date "2022.09.14"]
[Round "10.6"]
[White "Duda, Jan-Krzysztof"]
[Black "Erigaisi Arjun"]
[Result "1-0"]
[ECO "E49"]
[WhiteElo "2731"]
[BlackElo "2725"]
[Annotator "TA"]
[PlyCount "85"]
[EventDate "2022.09.12"]
[EventType "tourn"]
[EventCountry "NET"]
[SourceTitle "playchess.com"]
[Source "ChessBase"]
[SourceQuality "1"]
[TimeControl "900+10"]

1. d4 Nf6 2. c4 e6 3. Nc3 Bb4 4. e3 O-O 5. Bd3 d5 6. a3 Bxc3+ 7. bxc3 dxc4 8. Bxc4 c5 9. Ne2 Qc7 10. Bd3 Nc6 {[%emt 0:00:07] CPLX 2.4} 11. f4 {[%emt 0:00:06] BESTDEEP. E49: Nimzo-Indian: Rubinstein: 5 Bd3 d5 6 a3 Bxc3+ 7 bxc3.} b6 {[%emt 0:00:49] CPLX 2.5 11 (Nc6-e7) (=6)} 12. O-O {[%emt 0:00:03] CPLX 2.5} Rd8 {[%emt 0:00:26] CPLX 2.6 25 (Nc6-e7) (=12)} 13. Bb2 {[%emt 0:00:33] CPLX 2.6. The position is equal.} Bb7 {[%emt 0:00:46][%cal Oc5c4] [#] CPLX 2.6 2 (Nf6-g4) (=10)} 14. e4 $5 $146 {[%emt 0:01:19][%cal Be3e4,Be4e5][%mdl 8] CPLX 2.6 34 (Ne2-g3) (=9) New and interesting.} (14. Ng3 $5 ) ({Predecessor:} 14. Ng3 Rd7 15. Rc1 Rad8 16. Qe2 Qb8 17. h3 Ne7 18. e4 Ng6 19. Qe3 Qa8 20. Rce1 {0-1 (65) Grischuk,A (2745)-Durarbayli,V (2638) Chess.com INT 2022}) 14... Na5 {[%emt 0:00:06] CPLX 2.5 40 (Ra8-c8) (=16)} 15. Ng3 {[%emt 0:00:25] CPLX 2.8} Rac8 {[%emt 0:00:50] RELBLUND 114 (c5xd4) (=32)} (15... cxd4 $11 16. cxd4 Nc4) 16. e5 $1 $16 {[%emt 0:01:57] DEEPSTRONG=>BLUNDERREACT} Nd5 {[%emt 0:00:03] CPLX 3.4 44 (Nf6-d7) (=34)} 17. f5 $1 {[%emt 0:00:34] Threatens to win with Qg4. DEEPSTRONG} ({But not} 17. Qh5 $6 g6 18. Qh6 cxd4 19. cxd4 Qe7 $11) 17... Ne3 {[%emt 0:06:04] Prevents Qg4. CPLX 3.0 56 (c5-c4) (=37)} (17... c4 $16 18. fxe6 Rf8 19. exf7+ Rxf7) 18. Qh5 $1 $18 {[%emt 0:00:53] DEEPSTRONG} exf5 {[%emt 0:01:21] BESTDEEP} (18... Nxf1 $2 19. f6 gxf6 20. Qxh7+ Kf8 21. Rxf1 $18) 19. Nxf5 {[%emt 0:00:22] Dancing on a razor blade. RECAPT 30 (Qh5-g5) (=7)} Nxf5 {[%emt 0:00:04] RECAPT} (19... Nxf1 $2 20. Rxf1 (20. Ne7+ Kf8 $16) 20... Bd5 21. Qg5 $18) 20. Rxf5 {[%emt 0:00:58] RECAPT 14 (Bd3xf5) (=8)} ({Don't play} 20. Qxf5 g6 21. Qf6 Rf8 $16) 20... g6 {[%emt 0:00:38] CPLX 4.2} 21. Qg5 {[%emt 0:01:55] CPLX 4.2 19 (Qh5-h6) (=9)} cxd4 {[%emt 0:01:27] CPLX 3.6} 22. cxd4 {[%emt 0:00:07] aiming for Rc1. RECAPT} Nc4 {[%emt 0:00:38] EASY} 23. Rc1 {[%emt 0:03:17] EASY} Bd5 {[%emt 0:00:58] BESTDEEP} 24. Bxc4 {[%emt 0:00:20] CPLX 4.3 62 (Rf5-f6) (=11)} ({White should try} 24. Rf6 $1 $16) 24... Bxc4 $14 {[%emt 0:00:00] RECAPT} 25. e6 {[%emt 0:00:01] Inhibits Qd7. CPLX 3.6 36 (Rf5-f6) (=13)} fxe6 {[%emt 0:00:26] EASY} 26. d5 {[%emt 0:00:39] BESTDEEP} exf5 $2 {[%emt 0:00:45] White now steadily converts the win. MISSDEEP-e6xd5 224 (e6xd5) (=30)} (26... exd5 $11 {and Black has nothing to worry.} 27. Bd4 Rf8 28. Rxf8+ Rxf8) 27. Qf6 $40 {[%emt 0:00:03][%mdl 128] Qh8+ would kill now. White wants a kill. EASY} Rxd5 $2 {[%emt 0:01:33] [#] MISSDEEP-Rd8-d7 365 (Rd8-d7) (=49)} (27... Rd7 {is tougher.}) 28. Re1 $1 {[%emt 0:02:23] Threatening mate with Qh8+. DEEPSTRONG=>BLUNDERREACT. White is clearly winning.} Be2 {[%emt 0:00:01] DEEPSTRONG} 29. Qh8+ {[%emt 0:00:18] EASY} Kf7 {[%emt 0:00:01] [#] LEGAL} 30. Qg7+ {[%emt 0:00:02] BESTDEEP} Ke6 {[%emt 0:00:18] EASY} 31. Rxe2+ {[%emt 0:00:02] EASY} Kd6 {[%emt 0:00:02] ( -> ...Qc5+). EASY} 32. Be5+ {[%emt 0:00:23][%mdl 64] Skewer. CPLX 6.1} Rxe5 {[%emt 0:00:16] EASY} 33. Qxe5+ {[%emt 0:00:00][%mdl 4096] Endgame KQR-KQR. RECAPT} Kc6 {[%emt 0:00:01] White must now prevent ...Qxe5. EASY} 34. Rc2+ {[%emt 0:00:02] EASY} Kb7 35. Qd5+ Kb8 36. Rxc7 Rxc7 {[%emt 0:00:00] KQ-KR} 37. Kf2 a6 38. Kf3 Ka7 39. Kf4 Re7 40. Qd6 Rb7 41. Ke5 a5 42. Kd5 b5 43. Qd8 {[%emt 0:00:01] Weighted Error Value: White=0.09 (flawless) /Black=0.48} 1-0

[Event "Julius Baer Generation Cup Prelims 2022"]
[Site "Online"]
[Date "2022.09.14"]
[Round "10.7"]
[White "Gelfand, Boris"]
[Black "Keymer, Vincent"]
[Result "1/2-1/2"]
[ECO "A13"]
[WhiteElo "2668"]
[BlackElo "2693"]
[Annotator "TA"]
[PlyCount "143"]
[EventDate "2022.09.12"]
[EventType "tourn"]
[EventCountry "NET"]
[SourceTitle "playchess.com"]
[Source "ChessBase"]
[SourceQuality "1"]
[TimeControl "900+10"]

1. c4 Nf6 2. Nf3 e6 3. g3 d5 4. Bg2 d4 5. d3 Nc6 6. O-O Bc5 7. Nbd2 Be7 8. Nb3 O-O 9. e3 dxe3 10. Bxe3 Ng4 11. Bc5 Bxc5 12. Nxc5 b6 13. Nb3 Bb7 14. h3 Nf6 15. d4 Qc8 16. Qe2 a5 17. Rad1 a4 18. Nbd2 a3 19. b3 Nb4 20. Nb1 $1 Rd8 21. Nc3 c5 22. dxc5 Qxc5 23. Ne5 Bxg2 24. Kxg2 h6 25. f4 (25. Rfe1 $14) 25... Qe7 $11 26. Nb5 Qb7+ 27. Kh2 Ne4 28. Nd3 Nxd3 29. Rxd3 Nc5 30. Rdd1 f5 31. Rxd8+ Rxd8 32. Nxa3 (32. Rc1 $15) 32... Ne4 $17 33. Nb1 Qd7 34. Rg1 Qd4 35. Rg2 Kh7 (35... e5 $17 36. fxe5 Qxe5) 36. g4 (36. Na3 $15) 36... Qd6 37. Qf3 Rd7 38. gxf5 $1 exf5 39. h4 $2 (39. Nc3 $15 Nxc3 40. Qxc3) 39... Qf6 $19 40. Qh3 Rd1 41. Na3 Nd2 42. Rf2 Ne4 (42... Qg6 $142 43. Qg2 Qh5 $1) 43. Rg2 $19 Rf1 44. Rxg7+ Qxg7 45. Qxf1 Qb2+ (45... Qg3+ $142 46. Kh1 Nf2+ 47. Qxf2 Qxf2 48. Nb5 Kg6 49. Nc3 Kh5 50. Nd1 Qg3 51. Ne3 Qxe3 52. Kh2 Kxh4 53. b4 Qe2+ 54. Kg1 Kh3 55. Kh1 Qh2#) 46. Qg2 $19 Qxa3 47. h5 Qd6 48. Kh3 Qf6 ({Weaker is} 48... Qxf4 49. Qg6+ Kh8 50. Qe8+ Kh7 51. Qg6+ Kh8 52. Qe8+ Kh7 53. Qg6+ $11) 49. b4 Qf7 50. Kh4 Nf6 51. Qg6+ (51. Qe2 $19) 51... Qxg6 52. hxg6+ Kxg6 53. a4 Nd7 (53... Ne8 $142 54. c5 bxc5 55. bxc5 Kg7 56. c6 Nc7 57. a5 Kg6 58. Kh3 Kf7 59. Kh4 Ke6 60. Kh5 Nd5 61. Kxh6 Kd6 62. Kg7 Kxc6 63. Kg6 Ne3 64. Kf6 Kb5 65. a6 Kxa6 66. Ke5 Kb6 67. Kd4 Ng4 68. Kd5 Kb5 69. Kd4 Kb4 70. Kd5 Kb5 71. Kd4 Kb6 72. Kc3 Kc5 73. Kd3 Kd5 74. Kd2 Ke4 75. Kc3 Kxf4 76. Kd3 Ke5 77. Ke2 Ke4 78. Kf1 f4 79. Ke2 f3+ 80. Kd2 Kd4 81. Kd1 Ke3 82. Kc2 f2 83. Kb3 f1=Q 84. Kc2 Ne5 85. Kb2 Qb5+ 86. Kc3 Nd3 87. Kc2 Qb2+ 88. Kd1 Qe2#) 54. a5 bxa5 55. bxa5 Nc5 56. Kg3 Kg7 $2 (56... Ne4+ $1 57. Kh3 Nd6 58. c5 Nb5 59. c6 Kf6 60. Kh4 Ke6 61. Kh5 Nd4 62. c7 Kd7 63. Kxh6 Nc2 64. Kh5 Kxc7 65. Kg5 Ne3 66. Kg6 Kc6 67. Kf6 Kb5 68. Ke5 Kxa5 69. Kd4 Nf1 70. Kd5 Ne3+ 71. Kd4 Nf1 72. Kd5 Kb6 73. Ke5 Ne3 74. Kd4 Ng4 75. Kd5 Ne3+ 76. Kd4 Ng4 77. Kc4 Kc6 78. Kd4 Kd6 79. Kc4 Ne3+ 80. Kd3 Nd5 81. Kc4 Nxf4 82. Kc3 Kd5 83. Kd2 Ke4 84. Ke1 Nd3+ 85. Ke2 f4 86. Kf1 f3 87. Kg1 Ke3 88. Kh2 f2 89. Kg2 Ke2 90. Kh3 f1=Q+ 91. Kg4 Ne5+ 92. Kg5 Ke3 93. Kh6 Qg1 94. Kh5 Qg4+ 95. Kh6 Qg6#) 57. Kh4 $17 Kh7 58. Kg3 $2 (58. Kh3 $17) 58... Kg6 $2 (58... Ne4+ $1 59. Kh3 Nc5 60. Kh4 Kg8 61. Kh5 Kg7 62. Kh4 Kf7 63. Kh5 Kg7 64. Kh4) 59. Kh4 Kf6 60. Kg3 $2 {[%emt 0:00:33][%mdl 8192] [#]} (60. Kh3 $17) 60... Ke7 $2 (60... Ne4+ $1 {mates} 61. Kh4 Nd6 62. c5 Nb5 63. c6 Ke6 64. Kh5 Kd5 65. Kxh6 Ke4 66. Kg5 Nd4 67. a6 Nxc6 68. Kf6 Kxf4 69. Ke6 Ke4 70. Kd6 Na7 71. Kc5 Nc8 72. Kb5 Kd4 73. Kc6 Kc4 74. Kd7 Na7 75. Kc7 f4 76. Kb8 {[#]} f3 $1 77. Kxa7 f2 78. Kb8 f1=Q 79. a7 Qf8+ 80. Kb7 Qf7+ 81. Kc6 Qd5+ 82. Kc7 Kc5 83. Kb8 Kb6 84. a8=N+ Kc6 85. Nb6 Qd6+ 86. Ka8 Qc7 87. Nc4 Qb7#) 61. Kh4 $17 Ke6 (61... Kd6 $5 62. Kh5 $8 Ne6 $11) 62. Kh5 Kf6 63. Kxh6 Na6 64. Kh5 Nb4 65. Kh4 Na6 66. Kh5 Nc5 67. Kh4 Kg6 68. Kg3 Kh5 69. Kh3 $1 Kg6 70. Kg3 Kh6 71. Kh4 Kg6 72. Kg3 1/2-1/2